[Event "Titled Tuesday Blitz August 15 Early 2023"]
[White "Li, Eric"]
[Black "Bersamina, Paulo"]
[WhiteFideId "30939941"]
[BlackFideId "5206995"]
[WhiteElo "2398"]
[BlackElo "2733"]
[Result "1/2-1/2"]
[Round "1"]
[TimeControl "180+1"]
[Date "2023.08.15"]
[WhiteClock "0:00:08"]
[BlackClock "0:00:20"]
[Board "95"]

1. e4 c5 2. Nf3 d6 3. Bb5+ Bd7 4. a4 g6 5. O-O Bg7 6. Re1 a6 7. Bf1 Nc6 8. c3 e5 9. Na3 Nge7 10. Nc4 Be6 11. b3 O-O 12. h3 f6 13. d4 exd4 14. cxd4 f5 15. Bb2 fxe4 16. Ng5 Bxc4 17. Bxc4+ d5 18. Ne6 Qd6 19. Nxg7 dxc4 20. dxc5 Qxd1 21. Raxd1 cxb3 22. Ne6 Rf5 23. Rxe4 Rd5 24. Ree1 h6 25. g4 Rxd1 26. Rxd1 Kf7 27. Nf4 Rd8 28. Rxd8 Nxd8 29. Kg2 Ne6 30. Nd3 g5 31. Kf3 Nd5 32. Ke4 Ndf4 33. Nxf4 Nxf4 34. h4 Ke6 35. hxg5 hxg5 36. Kd4 Kd7 37. Kc4 Kc6 38. Kxb3 Kxc5 39. Bc1 Ne6 40. Be3+ Kd5 41. Kb4 Kd6 42. Kc4 Ke5 43. Kb4 Kd5 44. Ka5 Kc6 45. Kb4 b6 46. Kc4 Nf4 47. Bxf4 gxf4 48. f3 Kd6 49. Kd4 Ke6 50. Ke4 a5 51. Kxf4 b5 52. Ke4 b4 53. Kd3 Ke5 54. g5 Kf5 55. f4 Kg6 56. Ke4 Kh5 57. Kd3 Kg6 58. Ke4 Kh5 59. Kd4 Kg6 60. Kc4 Kf5 61. Kb3 Kg6 62. Kc4 Kf5 63. Kb3 Kg6 64. Kc4 1/2-1/2


[Site "https://www.chess.com"]

[Event "Titled Tuesday Blitz August 15 Early 2023"]
[White "Wong, Yinn Long"]
[Black "Fernandez Garcia, Gumersindo"]
[WhiteFideId "5707684"]
[BlackFideId "24516740"]
[WhiteElo "2730"]
[BlackElo "2396"]
[Result "1-0"]
[Round "1"]
[TimeControl "180+1"]
[Date "2023.08.15"]
[WhiteClock "0:00:41"]
[BlackClock "0:00:00"]
[Board "96"]

1. d4 Nf6 2. Nf3 e6 3. c4 d5 4. cxd5 exd5 5. Nc3 c6 6. Bg5 Be7 7. e3 h6 8. Bh4 O-O 9. Bd3 Nbd7 10. O-O Re8 11. Qc2 Nf8 12. Rab1 Ne4 13. Bxe7 Qxe7 14. Bxe4 dxe4 15. Nd2 f5 16. d5 Bd7 17. Qb3 Qf7 18. dxc6 Bxc6 19. Qxf7+ Kxf7 20. Nb3 Ne6 21. Rfd1 Red8 22. Na5 Rxd1+ 23. Rxd1 Rd8 24. Nxc6 Rxd1+ 25. Nxd1 bxc6 26. h4 g5 27. hxg5 hxg5 28. g3 Nc5 29. Kf1 Nd3 30. Ke2 Ke6 31. f4 g4 32. Kd2 Kd5 33. b3 c5 34. Nc3+ Kc6 35. Nd1 Nb4 36. Nc3 a6 37. Ke2 c4 38. Kd2 cxb3 39. axb3 Nd3 40. Ne2 Kd5 41. Nd4 Nc5 42. Kc3 Nd3 43. Nxf5 a5 44. Nh6 Nf2 45. Ng8 Ke6 46. Kd4 1-0


[Site "https://www.chess.com"]

[Event "Titled Tuesday Blitz August 15 Early 2023"]
[White "Chyngyz, Sultai"]
[Black "Akobian, Varuzhan"]
[WhiteFideId "13803158"]
[BlackFideId "13300580"]
[WhiteElo "2394"]
[BlackElo "2728"]
[Result "1-0"]
[Round "1"]
[TimeControl "180+1"]
[Date "2023.08.15"]
[WhiteClock "0:01:42"]
[BlackClock "0:00:42"]
[Board "97"]

1. e4 d6 2. c3 Nf6 3. Nf3 c6 4. d3 Bg4 5. Be2 d5 6. e5 Nfd7 7. d4 e6 8. h3 Bh5 9. O-O c5 10. Be3 Qb6 11. Qd2 Nc6 12. b3 Rc8 13. Rd1 cxd4 14. cxd4 Bb4 15. Qb2 O-O 16. a3 Be7 17. Nc3 a6 18. Na4 Qa7 19. Rac1 b5 20. Nc5 Bxc5 21. dxc5 Bxf3 22. Bxf3 Ndxe5 23. Be2 Rfd8 24. b4 Nc4 25. Bxc4 bxc4 26. a4 Rb8 27. b5 axb5 28. axb5 Qa4 29. b6 h6 30. Qe2 d4 31. Bf4 e5 32. Bxh6 gxh6 33. Qg4+ Kf8 34. Qh4 c3 35. Qxh6+ Ke7 36. Rd3 Kd7 37. Qd6+ Kc8 38. Qc7# 1-0


[Site "https://www.chess.com"]

[Event "Titled Tuesday Blitz August 15 Early 2023"]
[White "Lamaze, Simon"]
[Black "Kashefi, Amir Hosein"]
[WhiteFideId "36069264"]
[BlackFideId "12557935"]
[WhiteElo "2727"]
[BlackElo "2393"]
[Result "0-1"]
[Round "1"]
[TimeControl "180+1"]
[Date "2023.08.15"]
[WhiteClock "0:00:15"]
[BlackClock "0:00:07"]
[Board "98"]

1. c4 c6 2. d4 d5 3. cxd5 cxd5 4. Bg5 Nc6 5. Nc3 Qb6 6. Nf3 e6 7. Rb1 Nf6 8. e3 Qa5 9. Bxf6 gxf6 10. Bb5 Bb4 11. O-O Bd7 12. a3 Bxc3 13. Bxc6 Bxc6 14. bxc3 Qxc3 15. Rb3 Qa5 16. Qe2 a6 17. Rc1 Rg8 18. Nh4 Ke7 19. Qh5 Rg7 20. Qh6 Rag8 21. Qf4 Rg4 22. Qh6 Qd2 23. Rbc3 Rxd4 24. g3 Rc4 25. Rxc4 dxc4 26. Rf1 c3 27. Qxh7 Rg4 28. Qh5 Qe2 29. Qc5+ Ke8 30. Qxc3 Rxh4 31. Qxf6 Rxh2 32. Kxh2 Qxf1 33. Qh8+ Ke7 34. Qh4+ f6 35. Qh7+ Kd6 36. Qd3+ Qxd3 0-1


[Site "https://www.chess.com"]

[Event "Titled Tuesday Blitz August 15 Early 2023"]
[White "Rozhkov, Viacheslav"]
[Black "Korchmar, Vasiliy"]
[WhiteFideId "4181484"]
[BlackFideId "24131750"]
[WhiteElo "2392"]
[BlackElo "2722"]
[Result "1/2-1/2"]
[Round "1"]
[TimeControl "180+1"]
[Date "2023.08.15"]
[WhiteClock "0:00:04"]
[BlackClock "0:00:02"]
[Board "99"]

1. e4 c5 2. Nf3 d6 3. d4 cxd4 4. Nxd4 Nf6 5. Nc3 Nc6 6. f3 e5 7. Nb3 Be7 8. Be3 O-O 9. Qd2 Be6 10. O-O-O a5 11. Bb5 Nb4 12. Kb1 a4 13. Nxa4 d5 14. Bb6 Qc8 15. a3 Nc6 16. exd5 Nxd5 17. Bc5 Bxc5 18. Naxc5 Nf4 19. g3 Bxb3 20. Nxb3 Ne6 21. Rhe1 Ncd4 22. Nxd4 Nxd4 23. Qd3 Qc5 24. Bc4 b5 25. Bb3 b4 26. axb4 Qa7 27. Kc1 Qa1+ 28. Kd2 Qxb2 29. Rb1 Qa3 30. Rxe5 Qxb4+ 31. c3 Nxb3+ 32. Kd1 Qa4 33. Qc2 Rad8+ 34. Ke1 Rfe8 35. f4 Rxe5+ 36. fxe5 Rb8 37. c4 Qa5+ 38. Kf2 Qc5+ 39. Kg2 Qc6+ 40. Kg1 Qb6+ 41. c5 Qb4 42. c6 Qd4+ 43. Kg2 Qd5+ 44. Kg1 Qd4+ 45. Kg2 Qd5+ 46. Kg1 h5 47. c7 Rc8 48. Rxb3 Qxe5 49. Rc3 h4 50. Qd3 Qe6 51. Qd8+ Kh7 52. Qd3+ g6 53. Qd4 h3 54. Qh4+ Kg7 55. Qd4+ Kg8 56. Qd8+ Kg7 57. Qd4+ f6 58. Kf2 Qf5+ 59. Kg1 Qe6 60. Kf2 Qe7 61. Re3 Qxc7 62. Re2 Qf7 63. Qd6 Re8 64. Rxe8 Qxe8 65. Qc7+ Qf7 66. Qd6 Qa2+ 67. Kf3 Qg2+ 68. Kf4 Qxh2 69. Qe7+ Kh6 70. Qf8+ Kh7 71. Qf7+ Kh6 72. Qf8+ Kh7 73. Qf7+ Kh6 74. Qf8+ 1/2-1/2


[Site "https://www.chess.com"]

[Event "Titled Tuesday Blitz August 15 Early 2023"]
[White "Volkov, Maksim"]
[Black "MarijaKuznecova"]
[WhiteFideId "54123070"]
[WhiteElo "2721"]
[BlackElo "2390"]
[Result "1-0"]
[Round "1"]
[TimeControl "180+1"]
[Date "2023.08.15"]
[WhiteClock "0:00:27"]
[BlackClock "0:00:03"]
[Board "100"]

1. d4 Nf6 2. c4 c5 3. d5 b5 4. cxb5 a6 5. bxa6 g6 6. Nc3 Bg7 7. e4 d6 8. Bb5+ Nbd7 9. Nf3 Qa5 10. O-O Bxa6 11. a4 Bxb5 12. Nxb5 Nxe4 13. Re1 f5 14. Ng5 O-O 15. Nxe4 fxe4 16. Rxe4 Rfb8 17. Bd2 Qd8 18. Bc3 Bxc3 19. bxc3 Nf6 20. Re1 Qa5 21. Qe2 Rb7 22. c4 Qd8 23. h3 Kg7 24. Qe6 Ne8 25. Re3 Kh8 26. a5 Ng7 27. Qf7 Rd7 28. a6 e5 29. Qf3 Nf5 30. Rb3 Rf7 31. a7 Qf8 32. Qe2 Rb7 33. Qb2 Qd8 34. Raa3 Kg8 35. Ra6 Qd7 36. g4 Nh4 37. Nxd6 Rbxa7 38. Rb8+ Rxb8 39. Qxb8+ 1-0


[Site "https://www.chess.com"]

[Event "Titled Tuesday Blitz August 15 Early 2023"]
[White "Jakubowska, Anna"]
[Black "Dimitrov, Atanas"]
[WhiteFideId "1121952"]
[BlackFideId "2901315"]
[WhiteElo "2389"]
[BlackElo "2720"]
[Result "0-1"]
[Round "1"]
[TimeControl "180+1"]
[Date "2023.08.15"]
[WhiteClock "0:00:00"]
[BlackClock "0:00:05"]
[Board "101"]

1. e4 c5 2. Nc3 d6 3. g3 Nf6 4. Bg2 g6 5. Nge2 Bg7 6. O-O Nc6 7. d3 Rb8 8. h3 b5 9. f4 Qc7 10. g4 b4 11. Na4 Ba6 12. c4 bxc3 13. bxc3 Nd7 14. Qc2 Nb4 15. cxb4 Bxa1 16. Be3 Bg7 17. bxc5 dxc5 18. Nec3 e6 19. f5 O-O 20. Bf4 Be5 21. Bh6 Bg7 22. Bf4 Ne5 23. g5 Qd6 24. f6 Bh8 25. Nb2 Qd4+ 26. Kh1 Rxb2 27. Qxb2 Nxd3 28. Qa3 Nf2+ 29. Kh2 Bxf1 30. Bxf1 Nxe4 31. Nxe4 Qxe4 32. Bg3 Qc2+ 33. Bg2 Qf5 34. h4 h6 35. Qe3 Rc8 36. Be4 Qg4 37. Qd3 c4 38. Qd7 Rf8 39. Bxg6 hxg5 40. Bc2 gxh4 41. Bd6 Bxf6 42. Bxf8 Qe2+ 43. Kh3 Qf3+ 44. Kh2 Qg3+ 45. Kh1 Be5 0-1


[Site "https://www.chess.com"]

[Event "Titled Tuesday Blitz August 15 Early 2023"]
[White "Starozhilov, Leonid"]
[Black "sebastianmarinp"]
[WhiteFideId "14106752"]
[WhiteElo "2720"]
[BlackElo "2388"]
[Result "1/2-1/2"]
[Round "1"]
[TimeControl "180+1"]
[Date "2023.08.15"]
[WhiteClock "0:00:19"]
[BlackClock "0:00:17"]
[Board "102"]

1. e4 c5 2. Nc3 Nc6 3. Bb5 e6 4. Bxc6 bxc6 5. d3 d5 6. f4 g6 7. Nf3 Bg7 8. O-O Ne7 9. e5 O-O 10. Na4 Qa5 11. c4 dxc4 12. dxc4 Rd8 13. Bd2 Qc7 14. Qe2 Rb8 15. b3 Nf5 16. Nxc5 Qb6 17. b4 a5 18. a3 Bf8 19. g4 axb4 20. axb4 Bxc5+ 21. bxc5 Qxc5+ 22. Qf2 Nd4 23. Nxd4 Qxd4 24. Be3 Qe4 25. Bc5 Qxc4 26. Rac1 Qd5 27. Bd6 Rb3 28. Rfd1 Rd3 29. Qe2 Qd4+ 30. Kg2 Rxd1 31. Rxd1 Qxf4 32. Qf3 Qxf3+ 33. Kxf3 Ba6 34. Rc1 Rc8 35. g5 h5 36. Ke4 c5 37. Rxc5 Rxc5 38. Bxc5 Bb7+ 39. Kf4 Bd5 40. h4 Bc6 41. Be7 Bd5 42. Ke3 Bc6 43. Kd4 Bd5 44. Kc5 Ba2 45. Bf6 Bd5 46. Kd6 Ba2 47. Ke7 Bd5 48. Ke8 Bc4 49. Ke7 Bd5 50. Ke8 Bc4 51. Ke7 Bd5 1/2-1/2


[Site "https://www.chess.com"]

[Event "Titled Tuesday Blitz August 15 Early 2023"]
[White "Kazakov, Mikhail"]
[Black "Zhao, Jun"]
[WhiteFideId "14102749"]
[BlackFideId "8602522"]
[WhiteElo "2387"]
[BlackElo "2719"]
[Result "0-1"]
[Round "1"]
[TimeControl "180+1"]
[Date "2023.08.15"]
[WhiteClock "0:00:07"]
[BlackClock "0:00:18"]
[Board "103"]

1. d4 d5 2. c4 e6 3. Nc3 Nf6 4. Nf3 Be7 5. Bg5 h6 6. Bh4 O-O 7. e3 Nbd7 8. Rc1 c6 9. a3 Ne8 10. Bg3 Bd6 11. Bd3 Bxg3 12. hxg3 Qe7 13. e4 dxe4 14. Nxe4 e5 15. O-O f5 16. Nc3 e4 17. Re1 Qf7 18. Bxe4 fxe4 19. Nxe4 Nef6 20. Nd6 Qh5 21. Ne5 Qxd1 22. Rcxd1 Nb6 23. Ng6 Rd8 24. Ne7+ Kf8 25. c5 Nbd5 26. Nexc8 Rdxc8 27. Nxc8 Rxc8 28. f3 Kf7 29. Re5 Rc7 30. g4 a5 31. b3 Rc8 32. g3 b6 33. cxb6 Rb8 34. Rd3 Rxb6 35. Re1 Nd7 36. Rc1 Ke7 37. Rc4 Kd6 38. Ra4 Rb5 39. Rc4 Nf8 40. Kf2 Ne6 41. Rc1 Nb6 42. Ke3 Nd5+ 43. Kf2 Rb8 44. f4 Nec7 45. Rc5 Nb5 46. a4 Nxd4 47. Rxa5 Nxb3 48. Ra7 Nc5 49. Rd1 Rb2+ 50. Kf3 Rb3+ 51. Kg2 Ne4 52. Rxg7 Rxg3+ 53. Kh2 Ra3 54. Rg6+ Kc5 55. Rxh6 Ra2+ 56. Kh3 Nf2+ 57. Kh4 Nxd1 58. f5 N1e3 59. f6 Rh2+ 60. Kg5 Rxh6 61. Kxh6 Nxg4+ 62. Kg5 Ngxf6 0-1


[Site "https://www.chess.com"]

[Event "Titled Tuesday Blitz August 15 Early 2023"]
[White "Leiva, Gianmarco"]
[Black "Cheer_Down"]
[WhiteFideId "3804399"]
[WhiteElo "2718"]
[BlackElo "2385"]
[Result "1-0"]
[Round "1"]
[TimeControl "180+1"]
[Date "2023.08.15"]
[WhiteClock "0:00:06"]
[BlackClock "0:00:26"]
[Board "104"]

1. e4 e5 2. d4 exd4 3. Nf3 Nc6 4. c3 Nf6 5. e5 Nd5 6. Bc4 Nb6 7. Bb3 d6 8. exd6 Qxd6 9. cxd4 Be6 10. O-O O-O-O 11. Bxe6+ Qxe6 12. Nc3 Kb8 13. Bf4 Bd6 14. d5 Nxd5 15. Nxd5 Bxf4 16. Nxf4 Rxd1 17. Nxe6 Rxf1+ 18. Kxf1 fxe6 19. Re1 Re8 20. Ng5 h6 21. Nxe6 g5 22. Ng7 Rg8 23. Nf5 h5 24. Ne7 Nxe7 25. Rxe7 b5 26. Ke2 Kb7 27. Ke3 Kb6 28. b4 c6 29. a3 a5 30. h3 axb4 31. axb4 Rg6 32. Re5 Rg8 33. g4 hxg4 34. hxg4 Kc7 35. Ke4 Kd6 36. Rf5 Re8+ 37. Kd3 Re5 38. Kd4 Re1 39. Rxg5 Rc1 40. Rg6+ Kd7 41. f4 Rc4+ 42. Ke5 Rxb4 43. Rg7+ Ke8 44. f5 c5 45. f6 Rb1 46. g5 c4 47. g6 c3 48. Rg8+ Kd7 49. f7 Re1+ 50. Kd4 c2 51. f8=Q Rd1+ 52. Ke4 Re1+ 53. Kd3 c1=Q 54. Qf7+ Kd6 55. Rd8+ Ke5 56. Rd5# 1-0


[Site "https://www.chess.com"]

[Event "Titled Tuesday Blitz August 15 Early 2023"]
[White "Slovineanu, Viacheslav"]
[Black "carokannlover213"]
[WhiteFideId "13900510"]
[WhiteElo "2384"]
[BlackElo "2718"]
[Result "0-1"]
[Round "1"]
[TimeControl "180+1"]
[Date "2023.08.15"]
[WhiteClock "0:00:00"]
[BlackClock "0:01:16"]
[Board "105"]

1. d4 Nf6 2. Nf3 g6 3. c4 Bg7 4. Nc3 O-O 5. e4 d6 6. Be2 e5 7. Be3 Ng4 8. Bg5 f6 9. Bh4 Nh6 10. h3 Nc6 11. d5 Ne7 12. g4 g5 13. Bg3 Ng6 14. Nd2 Nf4 15. f3 Nf7 16. h4 Ng2+ 17. Kf2 Nxh4 18. Bxh4 gxh4 19. Nf1 Bh6 20. Ne3 Bg5 21. Nf5 Bxf5 22. exf5 c6 23. Ne4 Qb6+ 24. Kg2 Kg7 25. Rb1 Rh8 26. b4 h5 27. c5 Qc7 28. Bc4 hxg4 29. fxg4 h3+ 30. Rxh3 Rxh3 31. Kxh3 Rh8+ 32. Kg2 Bf4 33. cxd6 Nxd6 34. Nxd6 Qxd6 35. dxc6 Rh2+ 36. Kg1 Qxc6 37. Bd5 Qb6+ 38. Kf1 Rf2+ 39. Ke1 Qe3+ 0-1


[Site "https://www.chess.com"]

[Event "Titled Tuesday Blitz August 15 Early 2023"]
[White "Bryakin, Mikhail"]
[Black "dr_tatiana"]
[WhiteFideId "4165314"]
[WhiteElo "2716"]
[BlackElo "2383"]
[Result "1-0"]
[Round "1"]
[TimeControl "180+1"]
[Date "2023.08.15"]
[WhiteClock "0:01:34"]
[BlackClock "0:00:00"]
[Board "106"]

1. e4 e5 2. d4 exd4 3. Qxd4 Nc6 4. Qd3 Nf6 5. Nc3 Be7 6. Bg5 O-O 7. O-O-O h6 8. Bh4 Ne5 9. Qe2 Re8 10. f4 Ng6 11. Bg3 d6 12. Qd3 Nh5 13. Nge2 Nxg3 14. Qxg3 c6 15. Qf3 Qa5 16. g3 b5 17. Nd4 Bd7 18. h4 b4 19. Nb3 Qc7 20. Ne2 a5 21. h5 Nf8 22. Bh3 a4 23. Nbd4 c5 24. Bxd7 Nxd7 25. Nf5 b3 26. cxb3 axb3 27. a3 Nb6 28. Qg4 Bf6 29. Rxd6 Re6 30. e5 Rxd6 31. Nxd6 Nd5 32. Qf3 1-0


[Site "https://www.chess.com"]

[Event "Titled Tuesday Blitz August 15 Early 2023"]
[White "Rietze, Clemens, Dr."]
[Black "Kuznetsov, Felix"]
[WhiteFideId "24620351"]
[BlackFideId "34147990"]
[WhiteElo "2382"]
[BlackElo "2710"]
[Result "0-1"]
[Round "1"]
[TimeControl "180+1"]
[Date "2023.08.15"]
[WhiteClock "0:00:13"]
[BlackClock "0:00:13"]
[Board "107"]

1. d4 Nf6 2. c4 e6 3. Nf3 b6 4. g3 Bb7 5. Bg2 Be7 6. O-O O-O 7. Nc3 d5 8. cxd5 exd5 9. Qc2 Na6 10. Rd1 Qc8 11. Bf4 Rd8 12. Ne5 Qe6 13. Rac1 h6 14. Qa4 c5 15. dxc5 Nxc5 16. Qd4 Nfe4 17. Nb5 Qf5 18. Nf3 Bf6 19. Qb4 Ne6 20. Nfd4 Bxd4 21. Nxd4 Qf6 22. Be3 N6c5 23. Qe1 Re8 24. Nb5 Re7 25. Bd4 Qg6 26. b4 Ne6 27. Bb2 Ba6 28. Rxd5 Bxb5 29. Rxb5 Rd8 30. Re5 Nd6 31. Rd5 Red7 32. Rcd1 Nc7 33. R5d2 Qe6 34. Bc6 Re7 35. a4 Kh7 36. e3 Nc4 37. Rxd8 Qxc6 38. Ba1 Qf3 39. Rc1 Ne6 40. Qd1 Qe4 41. f3 Qxe3+ 42. Kh1 Nxd8 43. Rxc4 Qe1+ 44. Qxe1 Rxe1+ 45. Kg2 Rxa1 46. Rc8 Rxa4 47. Rxd8 Rxb4 48. Rd7 a5 49. Rxf7 a4 50. Ra7 b5 51. f4 Rb3 52. f5 Kg8 53. g4 a3 54. Ra5 b4 55. h4 Rb2+ 56. Kg3 a2 57. g5 hxg5 58. hxg5 b3 59. g6 Kf8 60. Ra8+ Ke7 61. Ra7+ Kd6 62. Rf7 a1=Q 63. Rxg7 Qg1+ 64. Kf4 Rf2+ 65. Ke4 Qe1+ 66. Kd3 Rd2+ 67. Kc4 Qc1+ 68. Kxb3 Rb2+ 69. Ka4 Qa1# 0-1


[Site "https://www.chess.com"]

[Event "Titled Tuesday Blitz August 15 Early 2023"]
[White "Djordjevic, Vuk"]
[Black "Gu, Xiaobing"]
[WhiteFideId "902098"]
[BlackFideId "8602611"]
[WhiteElo "2708"]
[BlackElo "2382"]
[Result "1-0"]
[Round "1"]
[TimeControl "180+1"]
[Date "2023.08.15"]
[WhiteClock "0:01:28"]
[BlackClock "0:00:02"]
[Board "108"]

1. d4 Nf6 2. Bg5 g6 3. Bxf6 exf6 4. c4 d5 5. cxd5 Qxd5 6. Nc3 Qa5 7. e3 f5 8. g3 Bg7 9. Ne2 c6 10. h4 h5 11. Bg2 Nd7 12. O-O Nf6 13. Rb1 O-O 14. b4 Qc7 15. Nf4 Ne8 16. b5 Nd6 17. Qb3 Kh7 18. Rfc1 Bd7 19. bxc6 bxc6 20. Na4 Rab8 21. Qc2 Qa5 22. Nc5 Rxb1 23. Rxb1 Be8 24. Rb8 Qe1+ 25. Kh2 Nb5 26. a4 Nc3 27. Rb3 Nd5 28. Nxd5 cxd5 29. Bxd5 Qa1 30. Rb1 Qa3 31. Qb2 Qxb2 32. Rxb2 f6 33. Ne6 Rh8 34. Rb7 1-0


[Site "https://www.chess.com"]

[Event "Titled Tuesday Blitz August 15 Early 2023"]
[White "Vafin, Ayrat"]
[Black "Shyam, Sundar M."]
[WhiteFideId "4146530"]
[BlackFideId "5019141"]
[WhiteElo "2380"]
[BlackElo "2707"]
[Result "0-1"]
[Round "1"]
[TimeControl "180+1"]
[Date "2023.08.15"]
[WhiteClock "0:00:15"]
[BlackClock "0:01:12"]
[Board "109"]

1. Nf3 b6 2. g3 Bb7 3. Bg2 g6 4. c4 Bg7 5. O-O Nf6 6. d4 O-O 7. d5 d6 8. Nc3 Nbd7 9. Qc2 a5 10. e4 e5 11. dxe6 fxe6 12. Re1 e5 13. Nd5 Nc5 14. Bd2 Bc8 15. Nxf6+ Qxf6 16. Be3 h6 17. Nd2 Ne6 18. Rad1 c5 19. Nb3 Nd4 20. Bxd4 cxd4 21. Nc1 Bg4 22. Rd2 Rac8 23. Qd3 h5 24. b3 Bh6 25. Rc2 h4 26. h3 hxg3 27. fxg3 Be6 28. Qe2 Be3+ 29. Kh2 Qg5 30. Nd3 Kg7 31. h4 Rh8 32. Bh3 Rxh4 33. gxh4 Qxh4 34. Qg2 Rh8 35. Nf2 Bxh3 36. Qg3 Bf4 0-1


[Site "https://www.chess.com"]

[Event "Titled Tuesday Blitz August 15 Early 2023"]
[White "GaiozNigalidze"]
[Black "Avazkhonov, Alikhon"]
[BlackFideId "14208504"]
[WhiteElo "2706"]
[BlackElo "2380"]
[Result "1-0"]
[Round "1"]
[TimeControl "180+1"]
[Date "2023.08.15"]
[WhiteClock "0:00:19"]
[BlackClock "0:00:00"]
[Board "110"]

1. d4 Nf6 2. c4 g6 3. Nc3 d5 4. cxd5 Nxd5 5. Bd2 Bg7 6. e4 Nxc3 7. Bxc3 O-O 8. Nf3 c5 9. d5 Bxc3+ 10. bxc3 Bg4 11. Be2 Nd7 12. O-O c4 13. Rb1 Qc7 14. Qd4 Bxf3 15. Bxf3 a6 16. a4 Rab8 17. Rfe1 Ne5 18. Be2 b5 19. axb5 axb5 20. f4 Nd7 21. e5 Qc5 22. Red1 f6 23. e6 Qxd4+ 24. cxd4 c3 25. Rdc1 Nb6 26. Rxb5 Rfc8 27. Kf2 Na4 28. Ke3 f5 29. h4 Rxb5 30. Bxb5 Nb6 31. Bc6 Kg7 32. Kd3 Rd8 33. Rxc3 Nxd5 34. Bxd5 Rxd5 35. Rc7 Kf6 36. Rd7 Ra5 37. d5 Ra3+ 38. Kc4 Ra1 39. Rd8 Rc1+ 40. Kb5 Rd1 41. Kc6 Rc1+ 42. Kd7 Rd1 43. Rf8+ Kg7 44. Rf7+ Kg8 45. Kxe7 Rxd5 46. Kf6 Rd7 47. Rxd7 1-0


[Site "https://www.chess.com"]

[Event "Titled Tuesday Blitz August 15 Early 2023"]
[White "Skvortsov, Andrei"]
[Black "Der_Balak_3Halak"]
[WhiteFideId "24108600"]
[WhiteElo "2704"]
[BlackElo "2377"]
[Result "1-0"]
[Round "1"]
[TimeControl "180+1"]
[Date "2023.08.15"]
[WhiteClock "0:01:36"]
[BlackClock "0:00:00"]
[Board "112"]

1. e4 c5 2. d4 cxd4 3. Qxd4 Nc6 4. Qd3 d6 5. Nc3 g6 6. Nf3 Bg7 7. Be2 Nf6 8. O-O O-O 9. Nd5 Nxd5 10. exd5 Bf5 11. Qd1 Nb4 12. c3 Nc2 13. g4 Nxa1 14. gxf5 gxf5 15. Bg5 h6 16. Bh4 Qd7 17. Qxa1 e5 18. Ne1 e4 19. Ng2 Kh7 20. Qc1 Rg8 21. Kh1 Be5 22. Bg3 Rg7 23. Nf4 Rag8 24. Qe3 Qe7 25. Nh5 Rg5 26. f4 exf3 27. Bxf3 f6 28. Nf4 Qf7 29. Bg2 Rg4 30. Qd3 R8g5 31. Bh3 Bxf4 32. Bxg4 Bxg3 33. Bxf5+ Kg7 34. hxg3 Qh5+ 35. Kg2 Qh4 36. Bh3 Qf4 37. Rxf4 1-0


[Site "https://www.chess.com"]

[Event "Titled Tuesday Blitz August 15 Early 2023"]
[White "Melikhov, Evgeny V."]
[Black "Prohaszka, Peter"]
[WhiteFideId "4122046"]
[BlackFideId "726265"]
[WhiteElo "2376"]
[BlackElo "2702"]
[Result "1/2-1/2"]
[Round "1"]
[TimeControl "180+1"]
[Date "2023.08.15"]
[WhiteClock "0:00:05"]
[BlackClock "0:00:06"]
[Board "113"]

1. d4 Nf6 2. c4 g6 3. Nc3 d5 4. Nf3 Bg7 5. e3 O-O 6. Be2 c5 7. O-O dxc4 8. Bxc4 cxd4 9. exd4 b6 10. Re1 Bb7 11. Bg5 Nc6 12. Qd2 Rc8 13. Rad1 Na5 14. Be2 Nc4 15. Qc1 Re8 16. b3 Nd6 17. Qb2 Nfe4 18. Nxe4 Nxe4 19. Be3 Nc3 20. Rd2 Nxe2+ 21. Rexe2 Bxf3 22. gxf3 Qd5 23. Kg2 Rc6 24. Qb1 Re6 25. Qd3 Rd8 26. Qc4 Qh5 27. d5 Red6 28. Bf4 R6d7 29. Bg3 Bf6 30. Rd3 Rxd5 31. Red2 e6 32. Rxd5 Rxd5 33. Qc8+ Kg7 34. Rxd5 Qxd5 35. Qb8 Qd7 36. Be5 Bxe5 37. Qxe5+ f6 38. Qc3 g5 39. h4 gxh4 40. Qc4 Qd5 41. Qc7+ Kg6 42. Qxa7 h3+ 43. Kg3 h2 44. Kxh2 b5 45. Qe3 h5 46. a4 bxa4 47. bxa4 Qa2 48. Qe4+ f5 49. Qd4 e5 50. Qd6+ Kg5 51. Qe7+ Kf4 52. Qh4+ Kxf3 53. Qg3+ Ke4 54. Qe3+ Kd5 55. Qd3+ Ke6 56. Qa6+ Kd5 57. Qb5+ Kd6 58. Qb6+ Ke7 59. a5 f4 60. a6 e4 61. a7 e3 62. Kh3 e2 63. Qc5+ Kf6 64. Qd4+ Kf5 65. Qc5+ Ke4 66. Qe7+ Kf3 67. Qb7+ Kxf2 68. Qg2+ Ke1 69. a8=Q Qxa8 70. Qxa8 Kf2 71. Qa7+ Kf1 72. Qa6 f3 73. Kg3 f2 74. Kf3 Kg1 75. Qxe2 f1=Q+ 76. Qxf1+ Kxf1 77. Kg3 Ke2 78. Kh4 Kf3 79. Kxh5 1/2-1/2


[Site "https://www.chess.com"]

[Event "Titled Tuesday Blitz August 15 Early 2023"]
[White "Veiga, Jose Francisco R P Neves"]
[Black "Kozelov, Roman"]
[WhiteFideId "1930087"]
[BlackFideId "14133377"]
[WhiteElo "2702"]
[BlackElo "2371"]
[Result "1-0"]
[Round "1"]
[TimeControl "180+1"]
[Date "2023.08.15"]
[WhiteClock "0:00:13"]
[BlackClock "0:00:11"]
[Board "114"]

1. c4 Nf6 2. Nc3 e6 3. e4 b6 4. e5 Ng8 5. Nf3 Bb7 6. d4 Ne7 7. Be2 d6 8. O-O Nf5 9. Bg5 Be7 10. Bxe7 Qxe7 11. Re1 Nd7 12. Nb5 O-O 13. Nxc7 Rac8 14. Nb5 a6 15. Nxd6 Nxd6 16. exd6 Qxd6 17. Qb3 Nf6 18. c5 Qd5 19. Qxb6 Rb8 20. Qa5 Qh5 21. h3 Bd5 22. Qd2 Ne4 23. Qc2 Ng5 24. Nxg5 Qxg5 25. Bf1 Rb4 26. Rad1 Rfb8 27. b3 a5 28. Re5 Qf4 29. Qd2 Qh4 30. g3 Qf6 31. Bg2 Bxg2 32. Kxg2 a4 33. bxa4 Rxa4 34. c6 Rc8 35. Rc5 h6 36. c7 Qe7 37. Rdc1 Ra7 38. Qf4 Rxa2 39. Rb1 Raa8 40. Rb8 Qd7 41. Rcb5 g5 42. Qf3 Raxb8 43. cxb8=Q Rxb8 44. Rxb8+ Kg7 45. Rb4 Kg6 46. Rb7 Qe8 47. d5 exd5 48. Qxd5 f6 49. Qd3+ Kh5 50. g4+ Kh4 51. Qg3# 1-0


[Site "https://www.chess.com"]

[Event "Titled Tuesday Blitz August 15 Early 2023"]
[White "Nosacheva, Mariya"]
[Black "Matinian, Nikita"]
[WhiteFideId "34111422"]
[BlackFideId "24129100"]
[WhiteElo "2368"]
[BlackElo "2699"]
[Result "0-1"]
[Round "1"]
[TimeControl "180+1"]
[Date "2023.08.15"]
[WhiteClock "0:01:37"]
[BlackClock "0:01:54"]
[Board "115"]

1. e4 c5 2. Nf3 e6 3. d4 cxd4 4. Nxd4 Nc6 5. Nc3 Nf6 6. Ndb5 Bb4 7. a3 Bxc3+ 8. Nxc3 d5 9. exd5 exd5 10. Bd3 O-O 11. O-O Bg4 12. f3 Bh5 13. Bg5 h6 14. Bxf6 Qxf6 15. Nxd5 Qxb2 16. Kh1 Rad8 17. Nf4 Bg6 18. Nxg6 fxg6 19. Rb1 Qxa3 20. Rxb7 Ne5 21. Qa1 Qc5 22. Qxa7 Qxa7 23. Rxa7 Nxd3 24. cxd3 Rxd3 25. Rb1 Rfd8 26. h3 R3d7 27. Rbb7 Rxb7 28. Rxb7 g5 29. Kh2 Kh7 30. Kg3 Rd4 31. Rb6 Rf4 32. Ra6 Rf6 33. h4 gxh4+ 0-1


[Site "https://www.chess.com"]

[Event "Titled Tuesday Blitz August 15 Early 2023"]
[White "Alex_Sahakyan2006"]
[Black "Smiechu"]
[WhiteElo "2696"]
[BlackElo "2364"]
[Result "1-0"]
[Round "1"]
[TimeControl "180+1"]
[Date "2023.08.15"]
[WhiteClock "0:02:38"]
[BlackClock "0:02:34"]
[Board "116"]

1. e4 c5 2. Nc3 Nc6 3. Bb5 Nd4 4. Nf3 Nxb5 5. Nxb5 g6 6. d4 a6 7. Nc3 cxd4 8. Qxd4 f6 9. O-O Bg7 10. Be3 Nh6 11. Nd5 O-O 12. Qd2 Nf7 13. Bb6 1-0


[Site "https://www.chess.com"]

[Event "Titled Tuesday Blitz August 15 Early 2023"]
[White "arturdailima"]
[Black "Gorovets, Andrey"]
[BlackFideId "13504037"]
[WhiteElo "2363"]
[BlackElo "2692"]
[Result "0-1"]
[Round "1"]
[TimeControl "180+1"]
[Date "2023.08.15"]
[WhiteClock "0:00:13"]
[BlackClock "0:00:06"]
[Board "117"]

1. e4 c5 2. Nf3 Nc6 3. Nc3 e6 4. d4 cxd4 5. Nxd4 Qc7 6. Ncb5 Qb8 7. Bd3 a6 8. Nxc6 bxc6 9. Nd4 Nf6 10. O-O Bb7 11. Qe2 c5 12. Nb3 Qc7 13. c4 d6 14. Bd2 a5 15. Bc3 Be7 16. e5 dxe5 17. Bxe5 Qc6 18. f3 O-O 19. Nd2 Rfd8 20. Ne4 Nxe4 21. Bxe4 Qb6 22. Rad1 Bf6 23. Bxb7 Qxb7 24. Kh1 Qe7 25. Qe4 Bxe5 26. Qxe5 f6 27. Qe4 Rab8 28. h3 g6 29. Rxd8+ Rxd8 30. Re1 Kf7 31. Re2 Rd1+ 32. Re1 Rd2 33. Re2 Rd4 34. Qc2 Qd6 35. Re1 f5 36. Qc3 Qd8 37. a3 Qb6 38. Re2 a4 39. Rd2 e5 40. Re2 Qd6 41. Qc2 Rd1+ 42. Kh2 e4+ 43. g3 exf3 44. Rf2 Qd4 45. h4 Rd3 46. Rf1 Rd2+ 0-1


[Site "https://www.chess.com"]